 Dungeon Sprint DCSS version 0.23.2-30-g0e89c35649 (webtiles) character file.

Game seed: 9834123658981135947

84 HASTUR3 the Martial Artist (level 4, 0/35 HPs)
             Began as a Demonspawn Chaos Knight on June 17, 2019.
             Was a Plaything of Xom.
             Killed from afar by a deep elf mage (30 damage)
             ... with a stone arrow
             ... in the Dungeon (Sprint III: "The Ten Rune Challenge").
             The game lasted 00:02:00 (365 turns).

HASTUR3 the Martial Artist (Demonspawn Chaos Knight) Turns: 365, Time: 00:02:01

Health: 0/35       AC:  7    Str: 12    XL:     4   Next: 24%
Magic:  4/4        EV: 11    Int: 14    God:    Xom [..*...]
Gold:   24         SH:  0    Dex: 13    Spells: 3/3 levels left

rFire    . . .     SeeInvis .     - Unarmed
rCold    . . .     Gourm    .   (no shield)
rNeg     . . .     Faith    .   a - +2 leather armour
rPois    .         Spirit   .   (helmet restricted)
rElec    .         Reflect  .   (no cloak)
rCorr    .         Harm     .   (no gloves)
MR       .....     NoTele   +   (no boots)
Stlth    +.........             (no amulet)
HPRegen  0.11/turn              (no ring)
MPRegen  0.09/turn              (no ring)

@: no status effects
A: horns 1, slimy green scales 1, blurry vision 1, spiny 1, evolution 1
a: Renounce Religion


You were in the Dungeon.
You worshipped Xom.
You were a toy of Xom.
You were not hungry.

You visited 1 branch You collected 24 gold pieces.

Inventory:

Armour
 a - a +2 leather armour (worn)
Scrolls
 g - 2 scrolls of immolation {unknown}
 h - a scroll of blinking
 j - a scroll of enchant weapon {unknown}
 k - 3 scrolls of identify
 l - a scroll of amnesia {unknown}
 n - a scroll of remove curse {unknown}
Potions
 c - a potion of curing
 d - a potion of heal wounds
 e - a potion of haste
 f - 2 potions of magic
 m - 2 potions of flight {unknown}
 o - a potion of ambrosia {unknown}
 p - 2 potions of mutation
Comestibles
 b - 3 rations
 i - 2 chunks of flesh


   Skills:
 - Level 3.0 Fighting
 - Level 1.7 Armour
 - Level 0.8 Dodging
 + Level 8.2 Unarmed Combat


You had 3 spell levels left.
You didn't know any spells.
Your spell library was empty.

Dungeon Overview and Level Annotations

Branches:
Dungeon (1/1)

Altars:
Elyvilon
Zin
The Shining One


Innate Abilities, Weirdness & Mutations

You are partially covered in slimy green scales. (AC +2)
You are partially covered in sharp spines.
You have a pair of small horns on your head.
Scrolls take you a little longer to read.
You evolve.


Message History

Your butterfly degenerates into a cloud of primal chaos!
Your butterfly disappears in a puff of smoke!
Your butterfly degenerates into a cloud of primal chaos!
Some of the chunks of flesh in your inventory have rotted away. "See what I see, my child!"
You detect items!
You start resting.
Some of the chunks of flesh in your inventory have rotted away.
Your magical contamination has completely faded away.
You open the door.
Found three altars.
A deep elf mage comes into view.
It is wielding a +2 long sword of holy wrath.
The deep elf mage shouts!
The deep elf mage picks up 2 potions of heal wounds.
There is an open door here.
The deep elf mage gestures at you while chanting.
The stone arrow hits you!!
Ouch! That really hurt!
You die...
Xom chuckles heartily!

▓▓▓▓▓ ▓▓▓ #...####
##.##### ∆
#..÷...#####..#___# ∆ ∆
#.......#..#..#e@.# ∆ ∆ ∆
##.##...#..#..###'#+###+#
∆∆
##.###..##'#..#..........
∆∆
###.##..###...'.⌠........
∆
#..##..####...#...######+
∆ ∆ ÷..##..###....#.⌠.#
..##...##.....#...#∆
.##....#......#+###
###..##.#.....# ∆∆ ∆


You could see a deep elf mage.

Vanquished Creatures
  A water elemental (D)
  A human (D)
  An ooze (D)
  A phantom (D)
  3 rats (D)
7 creatures vanquished.

Vanquished Creatures (others)
  2 draconian scorchers (D)
  2 yaktaurs (D)
  6 hellions (D)
  3 plants (D)
13 creatures vanquished.

Grand Total: 20 creatures vanquished

Notes
Turn   | Place    | Note
-------+----------+-------------------------------------------
     0 | D        | HASTUR3 the Demonspawn Chaos Knight began the quest for the
                  | Orb.
     0 | D        | Reached XP level 1. HP: 18/18 MP: 1/1
     9 | D        | Reached skill level 3 in Unarmed Combat
    18 | D        | Reached skill level 4 in Unarmed Combat
    91 | D        | Killed a hellion
    91 | D        | Killed a hellion
    91 | D        | Killed a hellion
    92 | D        | Killed a hellion
   138 | D        | Killed a hellion
   140 | D        | XOM: potion effect (agility)
   147 | D        | XOM: potion effect (invisibility)
   152 | D        | Gained mutation: You are partially covered in sharp spines.
                  | [demonic ancestry]
   152 | D        | Reached XP level 2. HP: 24/24 MP: 2/2
   154 | D        | Reached skill level 6 in Unarmed Combat
   154 | D        | Reached XP level 3. HP: 29/29 MP: 3/3
   157 | D        | Killed a yaktaur
   169 | D        | Killed a hellion
   179 | D        | Killed a white draconian scorcher
   190 | D        | Killed a white draconian scorcher
   209 | D        | Gained mutation: You have supernaturally acute eyesight.
                  | (SInv) [potion of mutation]
   209 | D        | Gained mutation: Your flesh is cold resistant. (rC+)
                  | [potion of mutation]
   210 | D        | Lost mutation: Your flesh is cold resistant. (rC+) [potion
                  | of mutation]
   210 | D        | Lost mutation: You have supernaturally acute eyesight.
                  | (SInv) [potion of mutation]
   210 | D        | Gained mutation: You have a pair of small horns on your
                  | head. [potion of mutation]
   210 | D        | Gained mutation: Scrolls take you a little longer to read.
                  | [potion of mutation]
   210 | D        | Gained mutation: You evolve. [potion of mutation]
   216 | D        | Noticed a water elemental
   222 | D        | XOM: butterfly on damage
   222 | D        | XOM: smoke on damage
   226 | D        | Killed a water elemental
   226 | D        | Reached skill level 8 in Unarmed Combat
   226 | D        | Gained mutation: You are partially covered in slimy green
                  | scales. (AC +2) [demonic ancestry]
   226 | D        | Reached XP level 4. HP: 15/35 MP: 4/4
   269 | D        | XOM: divination: detect items
   312 | D        | Killed a yaktaur
   363 | D        | Found a glowing silver altar of Zin.
   363 | D        | Found a glowing golden altar of the Shining One.
   363 | D        | Found a white marble altar of Elyvilon.
   364 | D        | Noticed a deep elf mage
   365 | D        | Killed from afar by a deep elf mage

Skill      XL: |  1  2  3 |
---------------+----------+-----
Unarmed Combat | 4 6 8 |  8.2
Fighting       | |  3.0
Armour         | |  1.7
Dodging        | |  0.8

Action                   |  1- 3 |  4- 6 || total
-------------------------+-------+-------++-------
Melee: Unarmed           |    36 |       ||    36
       Headbutt          |     1 |       ||     1
  Use: Potion            |     3 |       ||     3
 Stab: Invisible         |     1 |       ||     1
       Sleeping          |     1 |       ||     1
Armor: Leather armour    |     2 |       ||     2
Dodge: Dodged            |    14 |       ||    14
